 Dungeon Sprint DCSS version 0.31-a0-879-g1609e0ac53 (webtiles) character file.

Game seed: 558037353304602085

10 rocky1 the Slasher (level 2, -1/22 HPs)
             Began as a Demonspawn Gladiator on Oct 15, 2023.
             Was an Initiate of Qazlal.
             Slain by a neqoxec (11 damage)
             ... in the Dungeon (Sprint II: "The Violet Keep of Menkaure").
             The game lasted 00:00:49 (77 turns).

rocky1 the Slasher (Demonspawn Gladiator)             Turns: 77, Time: 00:00:49

Health: -1/22      AC:  4    Str: 14    XL:     2   Next: 10%
Magic:  2/2        EV: 12    Int:  9    God:    Qazlal [......]
Gold:   243        SH:  4    Dex: 14    Spells: 1/1 levels left

rFire   . . .        a - +0 long sword
rCold   . . .        (no shield)
rNeg    . . .        b - +0 leather armour
rPois   .            c - +0 helmet
rElec   .            (no cloak)
rCorr   .            (no gloves)
SInv    .            (no boots)
Will    .....        (no amulet)
Stlth   +            (no ring)
HPRegen 0.23/turn    (no ring)
MPRegen 0.08/turn

%: no teleportation
@: hasted, very quick
A: condensation shield
a: Renounce Religion


You were in the Dungeon.
You worshipped Qazlal.
Qazlal was noncommittal.
You visited 1 branch You collected 243 gold pieces.

Inventory:

Hand Weapons
 a - a +0 long sword (weapon)
Missiles
 d - a throwing net (quivered)
 e - a javelin
Armour
 b - a +0 leather armour (worn)
 c - a +0 helmet (worn)
Scrolls
 k - a scroll of blinking
Potions
 f - a potion of curing
 g - a potion of heal wounds
 i - 2 potions of magic
 j - a potion of berserk rage


   Skills:
 + Level 2.3 Fighting
 * Level 4.1 Long Blades
 - Level 1.7 Throwing
 + Level 3.3 Dodging


You had one spell level left.
You didn't know any spells.
Your spell library was empty.

Dungeon Overview and Level Annotations

Branches:
Dungeon (1/1)

Altars:
Cheibriados
Dithmenos
Fedhas
Gozag
Hepliaklqana
Kikubaaqudgha
Makhleb
Nemelex Xobeh
Okawaru
Qazlal
Ru
Sif Muna
Trog
Uskayaw
Vehumet
Wu Jian
Xom
Yredelemnul
Jiyva
Lugonu


Innate Abilities, Weirdness & Mutations

A meltable shield of frost defends you. (SH +4)


Message History

You open the door.
Found 27 gold pieces and a fizzy white potion.
Found three altars.
There is an open door here.
Found ten items.
Found an opulent altar of Gozag and an iron altar of Okawaru.
There is a glowing golden altar of the Shining One here.
Found five items.
Found a cabochon ring, a leather armour, a shortbow and 3 fizzy clear potions.
There is an ornate altar of the Wu Jian Council here.
Found 20 gold pieces, a ring mail and a scroll labelled XUOFUG AGAT.
The water moccasin hisses angrily.
Found four items.
There is a stormy altar of Qazlal here.
You kneel at the altar of Qazlal.
Qazlal welcomes you!
Qazlal grants you and your divine allies immunity to clouds.
The water moccasin hisses angrily.
There is an ornate altar of the Wu Jian Council here.
There is a glowing golden altar of the Shining One here.
There is an open door here.
You enter the shallow water.
Moving in this stuff is going to be slow.
There is an open door here.
You close the door.
The walls and floor vibrate strangely for a moment.
There is an open door here.
You see here a worm corpse.
There is a staircase leading out of the dungeon here.
You open the door.
A neqoxec comes into view.
The neqoxec shouts!
You hear a shout! x3
A neqoxec comes into view.
Unknown command.
The neqoxec hits you!
Ouch! That really hurt!
There is an open door here.
You feel yourself speed up. The neqoxec hits you!
Ouch! That really hurt!
You die...

.#### .### ...#
...# ##..## #.^#
#+# #.##..# +^.#
##.##.###..# #.^#
+.<.†##.+..####..##
##.##...#....###...
#@###.##......~~~~
#3## ###~~.§...~#'#
#3# #~~~~~~§§.~#._
## #~~~~§~~~.~#..
#~~§≈§§~§~§~#._
~~~~~§§≈§≈~~~#_.
#+++#~≈≈§≈§≈≈~#._
##§≈§###§≈#_.
#≈≈#._


You could see 2 neqoxecs.

Vanquished Creatures
  3 worms (D)
3 creatures vanquished.

Notes
Turn   | Place    | Note
-------+----------+-------------------------------------------
     0 | D        | rocky1 the Demonspawn Gladiator began the quest for the
                  | Orb.
     0 | D        | Reached XP level 1. HP: 16/16 MP: 1/1
    12 | D        | Reached skill level 3 in Long Blades
    26 | D        | Reached skill level 4 in Long Blades
    26 | D        | Gained mutation: A meltable shield of frost defends you.
                  | (SH +4) [demonic ancestry]
    26 | D        | Reached XP level 2. HP: 22/22 MP: 2/2
    36 | D        | Found a basalt altar of Yredelemnul.
    36 | D        | Found a hide-covered altar of Uskayaw.
    36 | D        | Found a radiant altar of Vehumet.
    37 | D        | Found a shimmering altar of Xom.
    37 | D        | Found a bloodstained altar of Trog.
    37 | D        | Found a burning altar of Makhleb.
    38 | D        | Found an ornate altar of the Wu Jian Council.
    38 | D        | Found a shimmering blue altar of Sif Muna.
    38 | D        | Found a corrupted altar of Lugonu.
    39 | D        | Found a sacrificial altar of Ru.
    39 | D        | Found an ancient bone altar of Kikubaaqudgha.
    40 | D        | Found a stormy altar of Qazlal.
    40 | D        | Found a viscous altar of Jiyva.
    40 | D        | Found a shadowy altar of Dithmenos.
    41 | D        | Found a hazy altar of Hepliaklqana.
    41 | D        | Found a snail-covered altar of Cheibriados.
    43 | D        | Found a sparkling altar of Nemelex Xobeh.
    43 | D        | Found a blossoming altar of Fedhas.
    44 | D        | Found an opulent altar of Gozag.
    44 | D        | Found an iron altar of Okawaru.
    46 | D        | Noticed a water moccasin
    47 | D        | Noticed a water moccasin
    49 | D        | Became a worshipper of Qazlal Stormbringer
    75 | D        | Noticed a neqoxec
    75 | D        | Noticed a neqoxec
    77 | D        | Slain by a neqoxec

Illustrated notes

Levels and vault maps discovered:
D:        the_violet_keep_of_menkaure [sprint2_stairs_cluster_1,
          sprint2_shoproom, sprint2_temple, sprint2_basic_supplies,
          sprint2_obstacle_7, sprint2_obstacle_6, sprint2_obstacle_2,
          sprint2_obstacle_1, sprint2_obstacle_3, sprint2_timed_cluster_1,
          sprint2_smallroom_cluster_1, sprint2_smallroom_final_cluster_1,
          sprint2_transparent_cluster_1, sprint2_second_timed_cluster_1,
          sprint2_sniper_area_1, sprint2_heavy_combat_area_1,
          sprint2_mutation_trap_area_1, sprint2_forest_area_1,
          sprint2_light_combat_area_1, sprint2_behind_water_1,
          sprint2_near_end_vault_1]

Skill      XL: |  1 |
---------------+----+-----
Long Blades    | 4 |  4.1
Dodging        | 3 |  3.3
Fighting       | |  2.3
Throwing       | |  1.7

Action                     || total
---------------------------++-------
  Melee: Long sword        ||    18
  Throw: Throwing net      ||     3
    Use: Potion            ||     1
 Armour: Leather armour    ||     3
  Dodge: Dodged            ||     1

Table legend: (Time is in decaauts)
 A = Elapsed time spent in this place.
 B = Non-inter-level travel time spent in this place.
 C = Inter-level travel time spent in this place.
 D = Time resting spent in this place.
 E = Time spent auto-exploring this place.
 F = Levels seen in this place.
 G = Mean time per level.
                   A        B        C        D        E       F      G
               +--------+--------+--------+--------+--------+-----+--------+
         Total |     83 |     83 |      0 |      0 |      0 |   1 |   83.0 |
       Dungeon |     83 |     83 |      0 |      0 |      0 |   1 |   83.0 |
               +--------+--------+--------+--------+--------+-----+--------+

Top non-repeatable levels by time:
       D: 83 daAuts
